 Dungeon Crawl Stone Soup version 0.20-a0-17-g69bea3c (webtiles) character file.

84 KristoblXynda the Slasher (level 4, -3/29 HPs)
             Began as an Octopode Gladiator on Nov 5, 2016.
             Slain by a goblin
             ... wielding a +0 dagger
              (4 damage)
             ... on level 2 of the Dungeon.
             The game lasted 00:02:10 (775 turns).

KristoblXynda the Slasher (Octopode Gladiator)       Turns: 775, Time: 00:02:11

Health: -3/29      AC:  1    Str: 14    XL:     4   Next: 45%
Magic:  4/4        EV: 14    Int: 11    God:
Gold:   68         SH:  0    Dex: 12    Spells: 0 memorised, 3 levels left

rFire  . . .     SeeInvis .     a - +0 long sword
rCold  . . .     Gourm    .     (no shield)
rNeg   . . .     Faith    .     b - +0 hat
rPois  .         Spirit   .     (no amulet)
rElec  .         Reflect  .     (no ring)
rCorr  .         Harm     .     (no ring)
MR     .....                    (no ring)
Stlth  +++.......               (no ring)
                                (no ring)
                                (no ring)
                                (no ring)
                                (no ring)

@: lethally poisoned (-3 -> -10)
A: almost no armour, stealthy swim, amphibious, 8 rings, constrict 8, camouflage
1, gelatinous body 1
a: no special abilities


You were on level 2 of the Dungeon.
You were not hungry.

You visited 1 branch of the dungeon, and saw 2 of its levels.

You collected 68 gold pieces.

Inventory:

Hand Weapons
 a - a +0 long sword (weapon)
Missiles
 c - 3 throwing nets (quivered)
Armour
 b - a +0 hat (worn)
Jewellery
 g - an uncursed amulet of magic regeneration {unknown}
 m - an uncursed amulet of rage {unknown}
Scrolls
 n - a scroll of magic mapping {unknown}
Potions
 e - a potion of lignification {unknown}
 f - a potion of cancellation {unknown}
 h - a potion of cure mutation {unknown}
 j - 2 potions of berserk rage
 k - a potion of flight {unknown}
 l - 2 potions of brilliance {unknown}
 o - a potion of curing {unknown}
Comestibles
 d - a bread ration
 i - a meat ration


   Skills:
 - Level 2.0 Fighting
 + Level 4.0 Long Blades
 - Level 2.0 Throwing
 + Level 3.5 Dodging
 + Level 3.3 Stealth


You had 3 spell levels left.
You didn't know any spells.

Dungeon Overview and Level Annotations

Branches:
Dungeon (2/15)

Altars:

Annotations:
D:2 Robin


Innate Abilities, Weirdness & Mutations

You cannot wear most types of armour.
You are very stealthy in the water. (Stealth+)
You are amphibious.
You can wear up to eight rings at the same time.
You can use your tentacles to constrict eight enemies at once.
Your skin changes colour to match your surroundings (Stealth+).
Your rubbery body absorbs attacks. (AC +1, EV +1)


Message History

You kill the goblin!
You feel sick.
You barely miss the worm. You grab the worm.
You squeeze the worm, but do no damage. You constrict the worm.
You feel sick. Robin throws the goblin at you! The goblin barely misses you.
You slash the worm!
The worm is heavily wounded.
You constrict the worm. The goblin barely misses you. The worm bites you!
* * * LOW HITPOINT WARNING * * *
You hit the worm. You squeeze the worm, but do no damage.
The worm is severely wounded.
You constrict the worm.
You kill the worm!
Your Long Blades skill increases to level 4!
* * * LOW HITPOINT WARNING * * *
You feel sick.
The hobgoblin no longer looks unusually strong.
The goblin no longer looks unusually strong. x2
The goblin hits you with a dagger.
You die...

.. #.(.....###.g.w# #.
#..............#
#.####....##..)†....#
#..#......##(.......#
#.#......##.gg.....#
#.......(###gg.....#
....)#.......# #g##.#.## ....
#..##.### #)# ...# ... ##.##.#
#@######## ##.##.###
#g##.....#
#.......###.##.###.#
#.#.#.#.........(#.#
+.#.#.#....#†#.#.#.#
.....###.#.#.#.##.#.#.#.#
....<###.....#....#.. #.#
.....#.....########.###.######
....##.##..# ###### #......#


You could see Robin, a hobgoblin and 4 goblins.

Vanquished Creatures
  Jessica (D:2)
  Ijyb (D:2)
  A worm (D:2)
  A leopard gecko (D:2)
  A giant cockroach (D:2)
  8 goblins
  4 hobgoblins
  4 kobolds (D:1)
  A ball python (D:2)
  3 bats (D:2)
  A rat (D:1)
26 creatures vanquished.

Notes
Turn   | Place    | Note
-------+----------+-------------------------------------------
     0 | D:1      | KristoblXynda the Octopode Gladiator began the quest for the Orb.
     0 | D:1      | Reached XP level 1. HP: 14/14 MP: 1/1
    20 | D:1      | Reached skill level 1 in Stealth
   137 | D:1      | Reached XP level 2. HP: 10/19 MP: 2/2
   637 | D:2      | Noticed Ijyb
   643 | D:2      | Killed Ijyb
   643 | D:2      | Reached XP level 3. HP: 18/24 MP: 3/3
   746 | D:2      | Noticed Jessica
   751 | D:2      | Killed Jessica
   751 | D:2      | Reached XP level 4. HP: 24/29 MP: 4/4
   752 | D:2      | Noticed Robin
   775 | D:2      | Reached skill level 4 in Long Blades
   775 | D:2      | HP: 1/29 [poisoned by a goblin]
   775 | D:2      | Slain by a goblin

Vault maps used:
D:1:      dpeg_arrival_tiny_e, serial_glass, glass_columns_b, glass_columns_b
D:2:      dancing_weapons_uskayaw, minmay_distorted, uniq_iyjb, uniq_robin,
          uniq_jessica

Skill      XL: |  1  2  3  4 |
---------------+-------------+-----
Stealth        | 1 2 3 |  3.3
Long Blades    | 4 |  4.0
Fighting       | |  2.0
Throwing       | |  2.0
Dodging        | |  3.5

Action                   |  1- 3 |  4- 6 || total
-------------------------+-------+-------++-------
Melee: Dagger            |     8 |       ||     8
       Long sword        |    16 |    17 ||    33
       Constrict         |     9 |     6 ||    15
       Tentacles         |     8 |     5 ||    13
  Use: Scroll            |     3 |       ||     3
 Stab: Sleeping          |     7 |       ||     7
Armor: Skin              |     1 |       ||     1
Dodge: Dodged            |    13 |    15 ||    28
       Rpst.: Long sword |     3 |     5 ||     8
